Monarchs vs Mustangs
Created - 28 octobre 2016 at 00:10
Goals
|
| Monarchs |
1 |
2 |
3 |
6 |
| Mustangs |
2 |
3 |
2 |
7 |
|
Shots
|
| Monarchs |
10 |
15 |
14 |
39 |
| Mustangs |
12 |
11 |
9 |
32 |
|
1st period
1. Mustangs , Riley Armstrong 2 (Reilly Smith, Joe Finley) at 4:33
2. Mustangs , Reilly Smith 1 (Riley Armstrong) at 12:45
3. Monarchs , Kyle Clifford 1 (Tyler Toffoli) at 12:49
Penalties :
Rick Schofield (Ham) for Cross-checking (Minor) at 6:35, Tom Gilbert (MAN) for Hooking (Minor) at 9:14
2nd period
4. Monarchs , Johnny Gaudreau 2 (Tyson Barrie, Zac Rinaldo) at 8:41 (PP)
5. Mustangs , Reilly Smith 2 (Riley Armstrong) at 8:45
6. Mustangs , Reilly Smith 3 (Riley Armstrong, Eric Wellwood) at 10:00
7. Mustangs , Riley Nash 1 (Denis Bodrov, Cameron Gaunce) at 13:56
8. Monarchs , Kyle Clifford 2 (Shawn Matthias) at 15:15 (PP)
Penalties :
Reilly Smith (Ham) for High sticking (Minor) at 8:33, Cameron Gaunce (Ham) for Roughing (Minor) at 14:42, Tom Gilbert (MAN) for Hooking (Minor) at 15:26
3rd period
9. Monarchs , Justin Williams 2 (Johnny Gaudreau, Brent Sopel) at 0:08
10. Monarchs , Justin Williams 3 (Johnny Gaudreau, Shawn Matthias) at 1:15
11. Monarchs , Tom Gilbert 1 (Tyler Toffoli, Christopher Gibson) at 3:13 (PP)
12. Mustangs , Marcus Foligno 1 (Jim O'Brien, Cameron Gaunce) at 3:34
13. Mustangs , Eric Wellwood 3 (Cameron Gaunce, Rick Schofield) at 10:51 (PP)
Penalties :
Brandon Saad (Ham) for Goalie Interference (Minor) at 1:18, Johnny Gaudreau (MAN) for Holding (Minor) at 10:12, Joe Finley (Ham) for Roughing (Minor) at 11:45
Goalie Stats
Christopher Gibson (MAN), 13 saves from 16 shots - (0,813), L, 0-1-0, 28:50 minutes
Jhonas Enroth (MAN), 12 saves from 16 shots - (0,750), 30:00 minutes
Peter Mannino (Ham), 33 saves from 39 shots - (0,846), W, 2-0-0, 60:00 minutes
Players Stats for Monarchs
Player Name G A P +/- PIM S H SB GA TA FO MP PP MP PK MP
------------------------------------------------------------------------------------
Alec Martinez 0 0 0 1 0 0 1 1 0 2 0/0 22:03 1:50 2:41
Alexandre Grenier 0 0 0 -3 0 1 0 0 0 0 0/0 9:43 0:11 2:34
Andrew Shaw 0 0 0 -3 0 0 0 0 0 0 1/1 6:58 0:11 0:00
Brent Sopel 0 1 1 1 0 2 1 1 1 0 0/0 23:49 1:50 1:56
Joe Morrow 0 0 0 0 0 0 0 0 0 0 0/0 2:49 0:00 0:00
Johnny Gaudreau 1 2 3 0 2 7 2 2 1 0 1/2 20:39 4:03 0:40
Justin Williams 2 0 2 0 0 4 3 2 1 1 2/3 19:43 4:03 0:00
Kyle Clifford 2 0 2 1 0 7 3 0 0 1 0/0 18:16 2:20 0:40
Matt Martin 0 0 0 1 0 1 4 0 0 0 0/1 16:51 0:00 1:23
Matt Tennyson 0 0 0 -1 0 1 1 1 0 1 0/0 15:43 0:00 1:56
Ryan Strome 0 0 0 -1 0 0 0 1 0 0 0/0 13:03 2:20 0:00
Ryan White 0 0 0 -3 0 1 0 0 0 0 1/3 6:36 0:00 0:00
Shawn Matthias 0 2 2 0 0 2 1 1 0 1 17/31 20:42 2:20 2:34
Theo Peckham 0 0 0 -3 0 2 0 0 0 0 0/0 16:34 0:00 2:41
Tom Gilbert 1 0 1 -3 4 3 1 1 0 0 0/0 19:26 4:44 0:00
Tyler McNeely 0 0 0 -1 0 2 0 0 1 0 0/0 10:46 0:00 0:00
Tyler Toffoli 0 2 2 1 0 1 3 1 0 0 6/22 19:10 3:55 0:00
Tyson Barrie 0 1 1 -1 0 3 0 0 0 0 0/0 19:37 4:44 0:00
Zac Rinaldo 0 1 1 -1 0 2 3 1 0 0 4/6 12:52 0:19 1:23
Players Stats for Mustangs
Player Name G A P +/- PIM S H SB GA TA FO MP PP MP PK MP
------------------------------------------------------------------------------------
Alexei Marchenko 0 0 0 1 0 0 2 2 0 1 0/0 20:16 1:29 2:21
Brandon Saad 0 0 0 2 2 1 0 0 1 0 2/3 18:16 2:20 0:00
Cameron Gaunce 0 3 3 1 2 2 1 8 0 0 0/0 28:30 3:08 3:40
Denis Bodrov 0 1 1 1 0 1 2 5 0 0 0/0 29:04 3:08 4:13
Eric Wellwood 1 1 2 -1 0 3 3 0 0 0 0/0 21:40 2:15 4:03
J.T. Wyman 0 0 0 1 0 1 2 2 0 0 0/0 11:54 0:00 1:35
Jerome Samson 0 0 0 1 0 1 0 1 0 0 0/0 7:29 0:00 0:00
Jim O'Brien 0 1 1 1 0 0 2 0 0 1 3/5 10:53 0:13 1:24
Joe Finley 0 1 1 1 2 0 0 2 1 0 0/0 10:50 0:00 0:00
Joshua Leivo 0 0 0 1 0 0 0 0 1 0 0/0 7:29 0:00 0:00
Marcus Foligno 1 0 1 1 0 3 1 0 0 0 0/1 10:58 0:02 0:56
Mark Pysyk 0 0 0 1 0 1 0 3 0 1 0/0 20:49 1:29 2:54
Reilly Smith 3 1 4 2 2 6 1 1 1 0 0/1 18:21 2:22 0:00
Rick Schofield 0 1 1 -1 2 1 1 1 0 1 5/14 17:57 2:15 0:52
Riley Armstrong 1 3 4 2 0 5 3 1 1 0 24/39 23:46 2:09 4:06
Riley Nash 1 0 1 1 0 2 0 1 0 0 1/3 7:41 0:00 0:12
Ryan Keller 0 0 0 -1 0 4 1 0 1 0 2/3 16:48 2:15 0:00
Scott Mayfield 0 0 0 1 0 1 1 2 0 0 0/0 10:40 0:00 0:00
3 Stars
1 - Reilly Smith (Ham)
2 - Riley Armstrong (Ham)
3 - Kyle Clifford (MAN)
Power Play
Monarchs - 3 on 5 Attempt(s) - 60,00%
Mustangs - 1 on 3 Attempt(s) - 33,33%
Penalty Kill
Monarchs - 2 on 3 Attempt(s) - 66,67%
- Score 0 goal in Penalty Kill
Mustangs - 2 on 5 Attempt(s) - 40,00%
- Score 0 goal in Penalty Kill
Team Stat
Monarchs - Hits : 23 - Faceoff Wins : 32 - Blocked Shots : 12 - Penalty Minutes : 6
Mustangs - Hits : 20 - Faceoff Wins : 37 - Blocked Shots : 29 - Penalty Minutes : 10
Official
Referees : Pollock Kevin and StPierre Justin
Linesman : Darren Gibbs and Brian Mach
Game Notes
Reilly Smith has scored a Hat Trick!
Christopher Gibson enters game at 10:00 of 2nd period
Finance
Level 1 -- Attendance: 1615 (80,75%) -- Ticket Income 64 600 $
Level 2 -- Attendance: 673 (67,30%) -- Ticket Income 13 460 $
Total Attendance: 2288 (76,27%)
Total Ticket Income: 78 060 $
Other Income: 3 903 $
Total Income: 81 963 $
Monarchs
5 vs 5 Forward
Center Left Wing Right Wing Time % Phy DF OF
1 Shawn Matthias Johnny Gaudreau Justin Williams 35 1 1 3
2 Tyler Toffoli Kyle Clifford Matt Martin 35 1 1 3
3 Zac Rinaldo Tyler McNeely Ryan Strome 20 1 2 2
4 Ryan White Alexandre Grenier Andrew Shaw 10 1 3 1
5 vs 5 Defense
Defense Defense Time % Phy DF OF
1 Alec Martinez Brent Sopel 40 1 3 1
2 Theo Peckham Tom Gilbert 30 1 3 1
3 Matt Tennyson Tyson Barrie 30 1 3 1
4 Joe Morrow Brent Sopel 0 1 3 1
PowerPlay Forward
Center Left Wing Right Wing Time % Phy DF OF
1 Tyler Toffoli Johnny Gaudreau Justin Williams 60 0 1 4
2 Shawn Matthias Kyle Clifford Ryan Strome 40 0 2 3
PowerPlay Defense
Defense Defense Time % Phy DF OF
1 Tyson Barrie Tom Gilbert 60 0 3 2
2 Brent Sopel Alec Martinez 40 0 3 2
Penalty Kill 4 Players Forward
Center Wing Time % Phy DF OF
1 Shawn Matthias Alexandre Grenier 60 0 4 1
2 Zac Rinaldo Matt Martin 40 2 3 0
Penalty Kill 4 Players Defense
Defense Defense Time % Phy DF OF
1 Alec Martinez Theo Peckham 60 1 4 0
2 Matt Tennyson Brent Sopel 40 1 4 0
Penalty Kill - 3 Players Forward
Forward Time % Phy DF OF
1 Shawn Matthias 60 1 4 0
2 Kyle Clifford 40 1 4 0
Penalty Kill - 3 Players Defense
Defense Defense Time % Phy DF OF
1 Alec Martinez Theo Peckham 60 1 4 0
2 Matt Tennyson Brent Sopel 40 1 4 0
4 vs 4 Forward
Center Wing Time % Phy DF OF
1 Shawn Matthias Johnny Gaudreau 60 1 2 2
2 Tyler Toffoli Kyle Clifford 40 1 2 2
4 vs 4 Defense
Defense Defense Time % Phy DF OF
1 Alec Martinez Tom Gilbert 60 1 2 2
2 Matt Tennyson Brent Sopel 40 1 2 2
Last Minutes Offensive
Center Left Wing Right Wing Defense Defense
Shawn Matthias Johnny Gaudreau Justin Williams Brent Sopel Tom Gilbert
Last Minutes Defensive
Center Left Wing Right Wing Defense Defense
Shawn Matthias Kyle Clifford Alexandre Grenier Alec Martinez Theo Peckham
Goaltenders
Starting : Jhonas Enroth
Backup : Christopher Gibson
Extra Forwards
Normal : Kyle Clifford, Shawn Matthias, Zac Rinaldo - PP : Zac Rinaldo, Andrew Shaw - PK : Kyle Clifford
Extra Defensemen
Normal : Alec Martinez, Theo Peckham, Tyson Barrie - PP : Joe Morrow - PK : Tom Gilbert, Joe Morrow
Penalty Shots
Justin Williams, Shawn Matthias, Matt Martin, Kyle Clifford, Tyler Toffoli
Mustangs
5 vs 5 Forward
Center Left Wing Right Wing Time % Phy DF OF
1 Riley Armstrong Brandon Saad Reilly Smith 40 0 2 3
2 Rick Schofield Eric Wellwood Ryan Keller 30 0 2 3
3 Jim O'Brien Marcus Foligno J.T. Wyman 20 0 2 3
4 Riley Nash Joshua Leivo Jerome Samson 10 0 2 3
5 vs 5 Defense
Defense Defense Time % Phy DF OF
1 Denis Bodrov Cameron Gaunce 45 1 2 2
2 Alexei Marchenko Mark Pysyk 33 1 2 2
3 Joe Finley Scott Mayfield 22 1 2 2
4 Alexei Marchenko Scott Mayfield 0 1 2 2
PowerPlay Forward
Center Left Wing Right Wing Time % Phy DF OF
1 Riley Armstrong Brandon Saad Reilly Smith 60 0 0 5
2 Rick Schofield Eric Wellwood Ryan Keller 40 0 0 5
PowerPlay Defense
Defense Defense Time % Phy DF OF
1 Denis Bodrov Cameron Gaunce 60 0 1 4
2 Alexei Marchenko Mark Pysyk 40 0 1 4
Penalty Kill 4 Players Forward
Center Wing Time % Phy DF OF
1 Riley Armstrong Eric Wellwood 60 0 5 0
2 Rick Schofield J.T. Wyman 40 0 5 0
Penalty Kill 4 Players Defense
Defense Defense Time % Phy DF OF
1 Denis Bodrov Cameron Gaunce 60 1 4 0
2 Alexei Marchenko Mark Pysyk 40 1 4 0
Penalty Kill - 3 Players Forward
Forward Time % Phy DF OF
1 Eric Wellwood 60 0 5 0
2 Riley Armstrong 40 0 5 0
Penalty Kill - 3 Players Defense
Defense Defense Time % Phy DF OF
1 Denis Bodrov Cameron Gaunce 60 1 4 0
2 Alexei Marchenko Mark Pysyk 40 1 4 0
4 vs 4 Forward
Center Wing Time % Phy DF OF
1 Riley Armstrong Reilly Smith 60 0 1 4
2 Rick Schofield Ryan Keller 40 0 1 4
4 vs 4 Defense
Defense Defense Time % Phy DF OF
1 Denis Bodrov Cameron Gaunce 60 0 2 3
2 Alexei Marchenko Mark Pysyk 40 0 2 3
Last Minutes Offensive
Center Left Wing Right Wing Defense Defense
Riley Armstrong Brandon Saad Reilly Smith Denis Bodrov Cameron Gaunce
Last Minutes Defensive
Center Left Wing Right Wing Defense Defense
Riley Armstrong Eric Wellwood J.T. Wyman Denis Bodrov Cameron Gaunce
Goaltenders
Starting : Peter Mannino
Backup : Chet Pickard
Extra Forwards
Normal : Brandon Saad, Reilly Smith, Eric Wellwood - PP : Brandon Saad, Eric Wellwood - PK : Eric Wellwood
Extra Defensemen
Normal : Denis Bodrov, Mark Pysyk, Alexei Marchenko - PP : Cameron Gaunce - PK : Denis Bodrov, Mark Pysyk
Penalty Shots
Brandon Saad, Reilly Smith, Marcus Foligno, Eric Wellwood, Ryan Keller
% Time on Ice - Monarchs
Lines # - Real PCT - Wanted PCT - Time Play
Normal Forward
1 - 31% - 35% - 14:45
2 - 33% - 35% - 15:36
3 - 23% - 20% - 10:46
4 - 14% - 10% - 6:36
Normal Defense
1 - 36% - 40% - 17:09
2 - 29% - 30% - 13:58
3 - 29% - 30% - 13:47
4 - 6% - 0% - 2:49
PP Forward
1 - 64% - 60% - 4:14
2 - 36% - 40% - 2:20
PP Defense
1 - 72% - 60% - 4:44
2 - 28% - 40% - 1:50
PK Forward
1 - 70% - 60% - 3:14
2 - 30% - 40% - 1:23
PK Defense
1 - 58% - 60% - 2:41
2 - 42% - 40% - 1:56
PK3 Forward
1 - 0% - 60%
2 - 0% - 40%
PK3 Defense
1 - 0% - 60%
2 - 0% - 40%
44 Forward
1 - 0% - 60%
2 - 0% - 40%
44 Defense
1 - 0% - 60%
2 - 0% - 40%
Last Minute Offensive - 1:06
Last Minute Defensive - 0:00
Total
Forward - 60:00
Defense - 60:00
|
% Time on Ice - Mustangs
Lines # - Real PCT - Wanted PCT - Time Play
Normal Forward
1 - 35% - 40% - 16:28
2 - 31% - 30% - 14:33
3 - 19% - 20% - 9:05
4 - 16% - 10% - 7:29
Normal Defense
1 - 45% - 45% - 21:17
2 - 35% - 33% - 16:26
3 - 21% - 22% - 9:52
4 - 0% - 0% - 0:00
PP Forward
1 - 51% - 60% - 2:22
2 - 49% - 40% - 2:15
PP Defense
1 - 68% - 60% - 3:08
2 - 32% - 40% - 1:29
PK Forward
1 - 76% - 60% - 4:59
2 - 24% - 40% - 1:35
PK Defense
1 - 64% - 60% - 4:13
2 - 36% - 40% - 2:21
PK3 Forward
1 - 0% - 60%
2 - 0% - 40%
PK3 Defense
1 - 0% - 60%
2 - 0% - 40%
44 Forward
1 - 0% - 60%
2 - 0% - 40%
44 Defense
1 - 0% - 60%
2 - 0% - 40%
Last Minute Offensive - 0:00
Last Minute Defensive - 1:14
Total
Forward - 60:00
Defense - 60:00
|
Play by Play
1st period
0:01 of 1st period - Brandon Saad wins face-off versus Shawn Matthias in neutral zone.
0:26 of 1st period - Denis Bodrov is hit by Matt Martin and loses puck.
0:35 of 1st period - Wrist shot by Brent Sopel.
0:35 of 1st period - Stopped by Peter Mannino with a rebound.
0:37 of 1st period - Slapshot by Brent Sopel.
0:37 of 1st period - Shot Misses the Net.
0:55 of 1st period - Off-side.
0:56 of 1st period - Andrew Shaw wins face-off versus Riley Nash in neutral zone.
1:10 of 1st period - Backhand shot by Ryan White.
1:10 of 1st period - Shot Hit the Post.
1:12 of 1st period - Snap shot by Ryan White.
1:12 of 1st period - Stopped by Peter Mannino without a rebound.
1:13 of 1st period - Riley Armstrong wins face-off versus Tyler Toffoli in Mustangs zone.
1:29 of 1st period - Wrist shot by Reilly Smith.
1:29 of 1st period - Shot Blocked by Tom Gilbert.
1:39 of 1st period - Theo Peckham is hit by J.T. Wyman and loses puck.
1:48 of 1st period - Snap shot by J.T. Wyman.
1:48 of 1st period - Stopped by Jhonas Enroth with a rebound.
2:48 of 1st period - Icing by Brent Sopel.
2:49 of 1st period - Riley Armstrong wins face-off versus Tyler Toffoli in Monarchs zone.
3:22 of 1st period - Snap shot by Johnny Gaudreau.
3:22 of 1st period - Shot Misses the Net.
3:49 of 1st period - Snap shot by J.T. Wyman.
3:49 of 1st period - Deflect By Marcus Foligno.
3:49 of 1st period - Shot Misses the Net.
3:49 of 1st period - Puck is out of play.
3:50 of 1st period - Riley Armstrong wins face-off versus Shawn Matthias in Monarchs zone.
4:15 of 1st period - Joe Finley is hit by Zac Rinaldo.
4:21 of 1st period - Slapshot by Tom Gilbert.
4:21 of 1st period - Shot Blocked by Scott Mayfield.
4:31 of 1st period - Snap shot by Reilly Smith.
4:31 of 1st period - Shot Blocked by Ryan Strome.
4:33 of 1st period - Snap shot by Riley Armstrong.
4:33 of 1st period - Goal by Riley Armstrong - Monarchs : 0 - Mustangs : 1.
4:34 of 1st period - Shawn Matthias wins face-off versus Rick Schofield in neutral zone.
4:59 of 1st period - Brent Sopel is hit by Marcus Foligno.
5:07 of 1st period - Snap shot by Marcus Foligno.
5:07 of 1st period - Deflect By J.T. Wyman.
5:07 of 1st period - Shot Blocked by Alec Martinez.
5:07 of 1st period - Puck is out of play.
5:08 of 1st period - Shawn Matthias wins face-off versus Riley Armstrong in Monarchs zone.
5:13 of 1st period - Wrist shot by Justin Williams.
5:13 of 1st period - Shot Blocked by Mark Pysyk.
5:33 of 1st period - Alexei Marchenko is hit by Matt Martin and loses puck.
5:58 of 1st period - Wrist shot by Ryan White.
5:58 of 1st period - Shot Blocked by J.T. Wyman.
6:00 of 1st period - Snap shot by Alexandre Grenier.
6:00 of 1st period - Stopped by Peter Mannino without a rebound.
6:01 of 1st period - Tyler Toffoli wins face-off versus Riley Armstrong in Mustangs zone.
6:15 of 1st period - Snap shot by Reilly Smith.
6:15 of 1st period - Stopped by Jhonas Enroth without a rebound.
6:16 of 1st period - Johnny Gaudreau wins face-off versus Rick Schofield in Monarchs zone.
6:35 of 1st period - Minor Penalty to Rick Schofield for Cross-checking.
6:36 of 1st period - Riley Armstrong wins face-off versus Tyler Toffoli in Mustangs zone.
7:05 of 1st period - Cameron Gaunce is hit by Kyle Clifford.
8:19 of 1st period - J.T. Wyman is hit by Justin Williams and loses puck.
8:34 of 1st period - Marcus Foligno is hit by Brent Sopel and loses puck.
8:35 of 1st period - Penalty to Rick Schofield is over, Rick Schofield is back on ice.
8:41 of 1st period - Riley Armstrong is hit by Zac Rinaldo and loses puck.
9:14 of 1st period - Minor Penalty to Tom Gilbert for Hooking.
9:15 of 1st period - Shawn Matthias wins face-off versus Rick Schofield in Monarchs zone.
9:30 of 1st period - Snap shot by Ryan Keller.
9:30 of 1st period - Stopped by Jhonas Enroth with a rebound.
9:40 of 1st period - Alec Martinez is hit by Denis Bodrov.
9:50 of 1st period - Slapshot by Brent Sopel.
9:50 of 1st period - Shot Misses the Net.
10:14 of 1st period - Wrist shot by Johnny Gaudreau.
10:14 of 1st period - Stopped by Peter Mannino with a rebound.
10:16 of 1st period - Wrist shot by Kyle Clifford.
10:16 of 1st period - Stopped by Peter Mannino with a rebound.
11:03 of 1st period - Icing by Reilly Smith.
11:04 of 1st period - Jim O'Brien wins face-off versus Zac Rinaldo in Mustangs zone.
11:14 of 1st period - Penalty to Tom Gilbert is over, Tom Gilbert is back on ice.
11:21 of 1st period - Wrist shot by Kyle Clifford.
11:21 of 1st period - Shot Blocked by J.T. Wyman.
11:43 of 1st period - Slapshot by Tyson Barrie.
11:43 of 1st period - Shot Misses the Net.
12:11 of 1st period - Snap shot by Jerome Samson.
12:11 of 1st period - Deflect By Riley Nash.
12:11 of 1st period - Stopped by Jhonas Enroth with a rebound.
12:25 of 1st period - Snap shot by Ryan Keller.
12:25 of 1st period - Shot Blocked by Justin Williams.
12:27 of 1st period - Slapshot by Scott Mayfield.
12:27 of 1st period - Stopped by Jhonas Enroth without a rebound.
12:28 of 1st period - Justin Williams wins face-off versus Rick Schofield in Monarchs zone.
12:33 of 1st period - Snap shot by Ryan Keller.
12:33 of 1st period - Stopped by Jhonas Enroth without a rebound.
12:34 of 1st period - Riley Armstrong wins face-off versus Shawn Matthias in Monarchs zone.
12:37 of 1st period - Snap shot by Riley Armstrong.
12:37 of 1st period - Stopped by Jhonas Enroth without a rebound.
12:38 of 1st period - Shawn Matthias wins face-off versus Riley Armstrong in Monarchs zone.
12:45 of 1st period - Snap shot by Reilly Smith.
12:45 of 1st period - Goal by Reilly Smith - Monarchs : 0 - Mustangs : 2.
12:46 of 1st period - Tyler Toffoli wins face-off versus Riley Armstrong in neutral zone.
12:49 of 1st period - Snap shot by Kyle Clifford.
12:49 of 1st period - Goal by Kyle Clifford - Monarchs : 1 - Mustangs : 2.
12:50 of 1st period - Riley Armstrong wins face-off versus Tyler Toffoli in neutral zone.
12:57 of 1st period - Wrist shot by Reilly Smith.
12:57 of 1st period - Shot Blocked by Tyler Toffoli.
13:05 of 1st period - Snap shot by Reilly Smith.
13:05 of 1st period - Deflect By Kyle Clifford.
13:05 of 1st period - Shot Misses the Net.
13:05 of 1st period - Puck is out of play.
13:06 of 1st period - Shawn Matthias wins face-off versus Rick Schofield in Monarchs zone.
13:45 of 1st period - Icing by Reilly Smith.
13:46 of 1st period - Shawn Matthias wins face-off versus Riley Armstrong in Mustangs zone.
14:05 of 1st period - Slapshot by Reilly Smith.
14:05 of 1st period - Stopped by Jhonas Enroth with a rebound.
14:07 of 1st period - Slapshot by Riley Armstrong.
14:07 of 1st period - Deflect By Brandon Saad.
14:07 of 1st period - Stopped by Jhonas Enroth without a rebound.
14:08 of 1st period - Ryan Keller wins face-off versus Tyler Toffoli in Monarchs zone.
14:35 of 1st period - Off-side.
14:36 of 1st period - Zac Rinaldo wins face-off versus Jim O'Brien in neutral zone.
15:27 of 1st period - Slapshot by Theo Peckham.
15:27 of 1st period - Stopped by Peter Mannino with a rebound.
15:29 of 1st period - Slapshot by Tom Gilbert.
15:29 of 1st period - Stopped by Peter Mannino without a rebound.
15:30 of 1st period - Riley Armstrong wins face-off versus Shawn Matthias in Mustangs zone.
15:55 of 1st period - Theo Peckham is hit by Eric Wellwood and loses puck.
16:20 of 1st period - Cameron Gaunce is hit by Alec Martinez and loses puck.
16:39 of 1st period - Slapshot by Justin Williams.
16:39 of 1st period - Shot Blocked by Denis Bodrov.
16:54 of 1st period - Wrist shot by Cameron Gaunce.
16:54 of 1st period - Shot Misses the Net.
16:56 of 1st period - Snap shot by Reilly Smith.
16:56 of 1st period - Shot Blocked by Matt Tennyson.
17:05 of 1st period - Off-side.
17:06 of 1st period - Rick Schofield wins face-off versus Ryan White in neutral zone.
17:13 of 1st period - Backhand shot by Ryan Keller.
17:13 of 1st period - Shot Misses the Net.
18:01 of 1st period - Slapshot by Johnny Gaudreau.
18:01 of 1st period - Stopped by Peter Mannino with a rebound.
18:07 of 1st period - Snap shot by Johnny Gaudreau.
18:07 of 1st period - Shot Blocked by Scott Mayfield.
18:09 of 1st period - Slapshot by Johnny Gaudreau.
18:09 of 1st period - Shot Blocked by Riley Nash.
18:11 of 1st period - Snap shot by Justin Williams.
18:11 of 1st period - Shot Blocked by Jerome Samson.
18:13 of 1st period - Slapshot by Johnny Gaudreau.
18:13 of 1st period - Shot Blocked by Joe Finley.
18:15 of 1st period - Slapshot by Alec Martinez.
18:15 of 1st period - Shot Misses the Net.
18:17 of 1st period - Slapshot by Shawn Matthias.
18:17 of 1st period - Shot Misses the Net.
18:19 of 1st period - Slapshot by Brent Sopel.
18:19 of 1st period - Stopped by Peter Mannino without a rebound.
18:20 of 1st period - Riley Armstrong wins face-off versus Tyler Toffoli in Mustangs zone.
18:20 of 1st period - Riley Armstrong is hit by Tyler Toffoli.
18:28 of 1st period - Snap shot by Riley Armstrong.
18:28 of 1st period - Stopped by Jhonas Enroth with a rebound.
18:46 of 1st period - Alexei Marchenko is hit by Zac Rinaldo and loses puck.
19:18 of 1st period - Slapshot by Matt Tennyson.
19:18 of 1st period - Shot Blocked by Cameron Gaunce.
19:30 of 1st period - Rick Schofield is hit by Matt Martin and loses puck.
19:45 of 1st period - Brent Sopel is hit by Reilly Smith and loses puck.
Goals for this period are 1 for Monarchs vs 2 for Mustangs.
Shots for this period are 10 for Monarchs vs 12 for Mustangs.
2nd period
0:01 of 2nd period - Riley Armstrong wins face-off versus Tyler Toffoli in neutral zone.
0:13 of 2nd period - Snap shot by Tyler Toffoli.
0:13 of 2nd period - Stopped by Peter Mannino with a rebound.
0:30 of 2nd period - Wrist shot by Marcus Foligno.
0:30 of 2nd period - Stopped by Jhonas Enroth without a rebound.
0:31 of 2nd period - Jim O'Brien wins face-off versus Shawn Matthias in Monarchs zone.
0:32 of 2nd period - Wrist shot by Marcus Foligno.
0:32 of 2nd period - Shot Misses the Net.
0:38 of 2nd period - J.T. Wyman is hit by Justin Williams.
0:47 of 2nd period - Marcus Foligno is hit by Justin Williams and loses puck.
1:41 of 2nd period - Icing by Kyle Clifford.
1:42 of 2nd period - Rick Schofield wins face-off versus Tyler Toffoli in Monarchs zone.
2:14 of 2nd period - Snap shot by Tyler Toffoli.
2:14 of 2nd period - Shot Misses the Net.
2:16 of 2nd period - Slapshot by Theo Peckham.
2:16 of 2nd period - Deflect By Mark Pysyk.
2:16 of 2nd period - Stopped by Peter Mannino with a rebound.
2:18 of 2nd period - Slapshot by Tyler Toffoli.
2:18 of 2nd period - Deflect By Kyle Clifford.
2:18 of 2nd period - Stopped by Peter Mannino without a rebound.
2:19 of 2nd period - Shawn Matthias wins face-off versus Riley Armstrong in Mustangs zone.
2:50 of 2nd period - Slapshot by Tom Gilbert.
2:50 of 2nd period - Deflect By Zac Rinaldo.
2:50 of 2nd period - Shot Misses the Net.
2:50 of 2nd period - Puck is out of play.
2:51 of 2nd period - Zac Rinaldo wins face-off versus Ryan Keller in Mustangs zone.
3:16 of 2nd period - Brent Sopel is hit by Riley Armstrong and loses puck.
5:07 of 2nd period - Wrist shot by Tyler Toffoli.
5:07 of 2nd period - Shot Blocked by Joe Finley.
5:11 of 2nd period - Wrist shot by Matt Martin.
5:11 of 2nd period - Shot Misses the Net.
5:13 of 2nd period - Wrist shot by Kyle Clifford.
5:13 of 2nd period - Stopped by Peter Mannino with a rebound.
5:15 of 2nd period - Snap shot by Kyle Clifford.
5:15 of 2nd period - Shot Misses the Net.
5:35 of 2nd period - Slapshot by Ryan White.
5:35 of 2nd period - Shot Misses the Net.
5:54 of 2nd period - Snap shot by Tyler McNeely.
5:54 of 2nd period - Shot Misses the Net.
6:06 of 2nd period - Wrist shot by Denis Bodrov.
6:06 of 2nd period - Stopped by Jhonas Enroth with a rebound.
6:08 of 2nd period - Snap shot by Brandon Saad.
6:08 of 2nd period - Shot Misses the Net.
6:16 of 2nd period - Wrist shot by Riley Armstrong.
6:16 of 2nd period - Shot Blocked by Justin Williams.
6:26 of 2nd period - Brent Sopel is hit by Eric Wellwood and loses puck.
6:39 of 2nd period - Denis Bodrov is hit by Matt Martin and loses puck.
7:03 of 2nd period - Snap shot by Kyle Clifford.
7:03 of 2nd period - Shot Misses the Net.
7:22 of 2nd period - Wrist shot by Kyle Clifford.
7:22 of 2nd period - Shot Blocked by Rick Schofield.
7:30 of 2nd period - Matt Martin is hit by Scott Mayfield and loses puck.
7:36 of 2nd period - Icing by Kyle Clifford.
7:37 of 2nd period - Riley Armstrong wins face-off versus Matt Martin in Monarchs zone.
8:08 of 2nd period - Wrist shot by Tyler Toffoli.
8:08 of 2nd period - Deflect By Matt Martin.
8:08 of 2nd period - Stopped by Peter Mannino with a rebound.
8:20 of 2nd period - Snap shot by Kyle Clifford.
8:20 of 2nd period - Stopped by Peter Mannino without a rebound.
8:21 of 2nd period - Shawn Matthias wins face-off versus Riley Armstrong in Mustangs zone.
8:22 of 2nd period - Snap shot by Johnny Gaudreau.
8:22 of 2nd period - Shot Blocked by Cameron Gaunce.
8:33 of 2nd period - Minor Penalty to Reilly Smith for High sticking.
8:34 of 2nd period - Zac Rinaldo wins face-off versus Riley Armstrong in Mustangs zone.
8:35 of 2nd period - Wrist shot by Justin Williams.
8:35 of 2nd period - Shot Blocked by Denis Bodrov.
8:37 of 2nd period - Snap shot by Zac Rinaldo.
8:37 of 2nd period - Stopped by Peter Mannino with a rebound.
8:39 of 2nd period - Snap shot by Johnny Gaudreau.
8:39 of 2nd period - Shot Misses the Net.
8:41 of 2nd period - Slapshot by Tyson Barrie.
8:41 of 2nd period - Deflect By Johnny Gaudreau.
8:41 of 2nd period - Deflect By Riley Armstrong.
8:41 of 2nd period - Goal by Johnny Gaudreau - Monarchs : 2 - Mustangs : 2.
8:42 of 2nd period - Riley Armstrong wins face-off versus Shawn Matthias in neutral zone.
8:45 of 2nd period - Wrist shot by Reilly Smith.
8:45 of 2nd period - Goal by Reilly Smith - Monarchs : 2 - Mustangs : 3.
8:46 of 2nd period - Brandon Saad wins face-off versus Shawn Matthias in neutral zone.
8:53 of 2nd period - Slapshot by Denis Bodrov.
8:53 of 2nd period - Shot Blocked by Shawn Matthias.
9:16 of 2nd period - J.T. Wyman is hit by Kyle Clifford and loses puck.
9:25 of 2nd period - Brent Sopel is hit by Jim O'Brien and loses puck.
9:38 of 2nd period - Snap shot by Brent Sopel.
9:38 of 2nd period - Shot Blocked by Alexei Marchenko.
10:00 of 2nd period - Wrist shot by Reilly Smith.
10:00 of 2nd period - Goal by Reilly Smith - Monarchs : 2 - Mustangs : 4.
10:00 of 2nd period - Christopher Gibson enters game.
10:01 of 2nd period - Riley Armstrong wins face-off versus Shawn Matthias in neutral zone.
10:06 of 2nd period - Slapshot by Cameron Gaunce.
10:06 of 2nd period - Stopped by Christopher Gibson with a rebound.
10:12 of 2nd period - Wrist shot by Shawn Matthias.
10:12 of 2nd period - Stopped by Peter Mannino with a rebound.
10:14 of 2nd period - Slapshot by Tyson Barrie.
10:14 of 2nd period - Stopped by Peter Mannino with a rebound.
10:16 of 2nd period - Slapshot by Justin Williams.
10:16 of 2nd period - Shot Blocked by Riley Armstrong.
10:26 of 2nd period - Matt Tennyson is hit by Jim O'Brien and loses puck.
10:37 of 2nd period - Snap shot by Marcus Foligno.
10:37 of 2nd period - Stopped by Christopher Gibson with a rebound.
11:06 of 2nd period - Icing by Tyler McNeely.
11:07 of 2nd period - Riley Nash wins face-off versus Zac Rinaldo in Monarchs zone.
11:23 of 2nd period - Wrist shot by Tyler McNeely.
11:23 of 2nd period - Stopped by Peter Mannino with a rebound.
11:27 of 2nd period - Slapshot by Zac Rinaldo.
11:27 of 2nd period - Shot Misses the Net.
11:31 of 2nd period - Snap shot by Zac Rinaldo.
11:31 of 2nd period - Shot Blocked by Mark Pysyk.
11:33 of 2nd period - Snap shot by Ryan Strome.
11:33 of 2nd period - Shot Blocked by Reilly Smith.
11:35 of 2nd period - Slapshot by Matt Tennyson.
11:35 of 2nd period - Shot Misses the Net.
12:16 of 2nd period - Tyler McNeely is hit by Riley Armstrong and loses puck.
13:06 of 2nd period - Slapshot by Tyson Barrie.
13:06 of 2nd period - Shot Blocked by Mark Pysyk.
13:08 of 2nd period - Slapshot by Matt Tennyson.
13:08 of 2nd period - Stopped by Peter Mannino without a rebound.
13:09 of 2nd period - Ryan Keller wins face-off versus Shawn Matthias in Mustangs zone.
13:09 of 2nd period - Ryan Keller is hit by Shawn Matthias.
13:35 of 2nd period - Cameron Gaunce is hit by Tyler Toffoli and loses puck.
13:56 of 2nd period - Wrist shot by Riley Nash.
13:56 of 2nd period - Goal by Riley Nash - Monarchs : 2 - Mustangs : 5.
13:57 of 2nd period - Rick Schofield wins face-off versus Shawn Matthias in neutral zone.
14:04 of 2nd period - Snap shot by Eric Wellwood.
14:04 of 2nd period - Stopped by Christopher Gibson without a rebound.
14:05 of 2nd period - Shawn Matthias wins face-off versus Rick Schofield in Monarchs zone.
14:07 of 2nd period - Icing by Johnny Gaudreau.
14:08 of 2nd period - Rick Schofield wins face-off versus Justin Williams in Monarchs zone.
14:09 of 2nd period - Snap shot by Eric Wellwood.
14:09 of 2nd period - Shot Blocked by Johnny Gaudreau.
14:11 of 2nd period - Wrist shot by Ryan Keller.
14:11 of 2nd period - Stopped by Christopher Gibson with a rebound.
14:13 of 2nd period - Snap shot by Rick Schofield.
14:13 of 2nd period - Stopped by Christopher Gibson without a rebound.
14:14 of 2nd period - Shawn Matthias wins face-off versus Rick Schofield in Monarchs zone.
14:14 of 2nd period - Shawn Matthias is hit by Rick Schofield.
14:42 of 2nd period - Minor Penalty to Cameron Gaunce for Roughing.
14:43 of 2nd period - Riley Armstrong wins face-off versus Tyler Toffoli in Mustangs zone.
15:15 of 2nd period - Wrist shot by Kyle Clifford.
15:15 of 2nd period - Goal by Kyle Clifford - Monarchs : 3 - Mustangs : 5.
15:16 of 2nd period - Shawn Matthias wins face-off versus Jim O'Brien in neutral zone.
15:26 of 2nd period - Minor Penalty to Tom Gilbert for Hooking.
15:27 of 2nd period - Shawn Matthias wins face-off versus Brandon Saad in Monarchs zone.
15:27 of 2nd period - Shawn Matthias is hit by Riley Armstrong.
17:26 of 2nd period - Penalty to Tom Gilbert is over, Tom Gilbert is back on ice.
17:32 of 2nd period - Snap shot by Kyle Clifford.
17:32 of 2nd period - Shot Misses the Net.
18:33 of 2nd period - Slapshot by Tyler Toffoli.
18:33 of 2nd period - Shot Blocked by Denis Bodrov.
18:35 of 2nd period - Snap shot by Tyson Barrie.
18:35 of 2nd period - Stopped by Peter Mannino without a rebound.
18:36 of 2nd period - Tyler Toffoli wins face-off versus Riley Armstrong in Mustangs zone.
18:41 of 2nd period - Wrist shot by Matt Martin.
18:41 of 2nd period - Shot Misses the Net.
19:03 of 2nd period - Wrist shot by Tyler McNeely.
19:03 of 2nd period - Stopped by Peter Mannino with a rebound.
19:35 of 2nd period - Alexandre Grenier is hit by Alexei Marchenko and loses puck.
19:40 of 2nd period - Wrist shot by Jerome Samson.
19:40 of 2nd period - Stopped by Christopher Gibson without a rebound.
19:41 of 2nd period - Riley Armstrong wins face-off versus Tyler Toffoli in Monarchs zone.
Goals for this period are 2 for Monarchs vs 3 for Mustangs.
Shots for this period are 15 for Monarchs vs 11 for Mustangs.
3rd period
0:01 of 3rd period - Shawn Matthias wins face-off versus Riley Armstrong in neutral zone.
0:08 of 3rd period - Snap shot by Justin Williams.
0:08 of 3rd period - Goal by Justin Williams - Monarchs : 4 - Mustangs : 5.
0:09 of 3rd period - Riley Armstrong wins face-off versus Shawn Matthias in neutral zone.
0:19 of 3rd period - Icing by Johnny Gaudreau.
0:20 of 3rd period - Shawn Matthias wins face-off versus Riley Armstrong in Monarchs zone.
0:31 of 3rd period - Snap shot by Justin Williams.
0:31 of 3rd period - Shot Blocked by Cameron Gaunce.
0:33 of 3rd period - Slapshot by Alec Martinez.
0:33 of 3rd period - Shot Misses the Net.
1:05 of 3rd period - Wrist shot by Shawn Matthias.
1:05 of 3rd period - Shot Misses the Net.
1:07 of 3rd period - Wrist shot by Justin Williams.
1:07 of 3rd period - Stopped by Peter Mannino with a rebound.
1:09 of 3rd period - Snap shot by Shawn Matthias.
1:09 of 3rd period - Stopped by Peter Mannino with a rebound.
1:11 of 3rd period - Wrist shot by Johnny Gaudreau.
1:11 of 3rd period - Shot Misses the Net.
1:13 of 3rd period - Snap shot by Justin Williams.
1:13 of 3rd period - Stopped by Peter Mannino with a rebound.
1:15 of 3rd period - Snap shot by Justin Williams.
1:15 of 3rd period - Goal by Justin Williams - Monarchs : 5 - Mustangs : 5.
1:16 of 3rd period - Riley Armstrong wins face-off versus Tyler Toffoli in neutral zone.
1:18 of 3rd period - Minor Penalty to Brandon Saad for Goalie Interference.
1:19 of 3rd period - Riley Armstrong wins face-off versus Tyler Toffoli in Mustangs zone.
1:26 of 3rd period - Wrist shot by Tom Gilbert.
1:26 of 3rd period - Stopped by Peter Mannino without a rebound.
1:27 of 3rd period - Riley Armstrong wins face-off versus Tyler Toffoli in Mustangs zone.
1:41 of 3rd period - Slapshot by Tyson Barrie.
1:41 of 3rd period - Stopped by Peter Mannino with a rebound.
1:43 of 3rd period - Slapshot by Tom Gilbert.
1:43 of 3rd period - Shot Blocked by Cameron Gaunce.
1:49 of 3rd period - Wrist shot by Johnny Gaudreau.
1:49 of 3rd period - Stopped by Peter Mannino without a rebound.
1:50 of 3rd period - Shawn Matthias wins face-off versus Riley Armstrong in Mustangs zone.
2:22 of 3rd period - Slapshot by Mark Pysyk.
2:22 of 3rd period - Stopped by Christopher Gibson with a rebound.
2:24 of 3rd period - Wrist shot by Eric Wellwood.
2:24 of 3rd period - Deflect By Riley Armstrong.
2:24 of 3rd period - Stopped by Christopher Gibson with a rebound.
3:11 of 3rd period - Slapshot by Tom Gilbert.
3:11 of 3rd period - Shot Blocked by Cameron Gaunce.
3:13 of 3rd period - Slapshot by Tom Gilbert.
3:13 of 3rd period - Deflect By Marcus Foligno.
3:13 of 3rd period - Goal by Tom Gilbert - Monarchs : 6 - Mustangs : 5.
3:14 of 3rd period - Jim O'Brien wins face-off versus Ryan White in neutral zone.
3:17 of 3rd period - Snap shot by Cameron Gaunce.
3:17 of 3rd period - Stopped by Christopher Gibson without a rebound.
3:18 of 3rd period - Ryan White wins face-off versus Marcus Foligno in Monarchs zone.
3:34 of 3rd period - Slapshot by Marcus Foligno.
3:34 of 3rd period - Goal by Marcus Foligno - Monarchs : 6 - Mustangs : 6.
3:35 of 3rd period - Riley Armstrong wins face-off versus Tyler Toffoli in neutral zone.
4:00 of 3rd period - Slapshot by Alec Martinez.
4:00 of 3rd period - Shot Blocked by Denis Bodrov.
4:02 of 3rd period - Wrist shot by Alec Martinez.
4:02 of 3rd period - Shot Blocked by Cameron Gaunce.
5:29 of 3rd period - Snap shot by Eric Wellwood.
5:29 of 3rd period - Stopped by Christopher Gibson without a rebound.
5:30 of 3rd period - Justin Williams wins face-off versus Rick Schofield in Monarchs zone.
5:55 of 3rd period - Johnny Gaudreau is hit by Eric Wellwood and loses puck.
6:00 of 3rd period - Snap shot by Ryan Keller.
6:00 of 3rd period - Stopped by Christopher Gibson with a rebound.
6:16 of 3rd period - Johnny Gaudreau is hit by Ryan Keller and loses puck.
6:42 of 3rd period - Snap shot by Tyson Barrie.
6:42 of 3rd period - Shot Misses the Net.
6:44 of 3rd period - Snap shot by Johnny Gaudreau.
6:44 of 3rd period - Stopped by Peter Mannino with a rebound.
6:58 of 3rd period - Slapshot by Johnny Gaudreau.
6:58 of 3rd period - Shot Misses the Net.
7:00 of 3rd period - Wrist shot by Johnny Gaudreau.
7:00 of 3rd period - Stopped by Peter Mannino without a rebound.
7:01 of 3rd period - Tyler Toffoli wins face-off versus Riley Armstrong in Mustangs zone.
7:28 of 3rd period - Tyler McNeely is hit by Denis Bodrov.
8:15 of 3rd period - Snap shot by Reilly Smith.
8:15 of 3rd period - Shot Misses the Net.
8:38 of 3rd period - Icing by Mark Pysyk.
8:39 of 3rd period - Tyler Toffoli wins face-off versus Riley Nash in Mustangs zone.
8:50 of 3rd period - Snap shot by Kyle Clifford.
8:50 of 3rd period - Shot Misses the Net.
8:52 of 3rd period - Wrist shot by Kyle Clifford.
8:52 of 3rd period - Shot Blocked by Alexei Marchenko.
9:23 of 3rd period - Theo Peckham is hit by Cameron Gaunce and loses puck.
10:07 of 3rd period - Snap shot by Reilly Smith.
10:07 of 3rd period - Deflect By Justin Williams.
10:07 of 3rd period - Shot Misses the Net.
10:07 of 3rd period - Puck is out of play.
10:08 of 3rd period - Riley Armstrong wins face-off versus Shawn Matthias in Monarchs zone.
10:12 of 3rd period - Minor Penalty to Johnny Gaudreau for Holding.
10:13 of 3rd period - Shawn Matthias wins face-off versus Riley Armstrong in Monarchs zone.
10:51 of 3rd period - Snap shot by Eric Wellwood.
10:51 of 3rd period - Goal by Eric Wellwood - Monarchs : 6 - Mustangs : 7.
10:52 of 3rd period - Riley Armstrong wins face-off versus Tyler Toffoli in neutral zone.
10:55 of 3rd period - Snap shot by Riley Armstrong.
10:55 of 3rd period - Shot Misses the Net.
10:57 of 3rd period - Snap shot by Brandon Saad.
10:57 of 3rd period - Shot Blocked by Brent Sopel.
10:59 of 3rd period - Snap shot by Reilly Smith.
10:59 of 3rd period - Stopped by Christopher Gibson with a rebound.
11:01 of 3rd period - Wrist shot by Denis Bodrov.
11:01 of 3rd period - Shot Misses the Net.
11:03 of 3rd period - Snap shot by Riley Armstrong.
11:03 of 3rd period - Stopped by Christopher Gibson without a rebound.
11:04 of 3rd period - Tyler Toffoli wins face-off versus Reilly Smith in Monarchs zone.
11:29 of 3rd period - Brent Sopel is hit by J.T. Wyman.
11:33 of 3rd period - J.T. Wyman is hit by Kyle Clifford and loses puck.
11:38 of 3rd period - Wrist shot by Kyle Clifford.
11:38 of 3rd period - Stopped by Peter Mannino with a rebound.
11:40 of 3rd period - Snap shot by Matt Martin.
11:40 of 3rd period - Shot Misses the Net.
11:42 of 3rd period - Slapshot by Tom Gilbert.
11:42 of 3rd period - Deflect By Tyler Toffoli.
11:42 of 3rd period - Shot Blocked by Denis Bodrov.
11:42 of 3rd period - Puck is out of play.
11:43 of 3rd period - Riley Armstrong wins face-off versus Johnny Gaudreau in Mustangs zone.
11:45 of 3rd period - Minor Penalty to Joe Finley for Roughing.
11:46 of 3rd period - Riley Armstrong wins face-off versus Tyler Toffoli in Mustangs zone.
11:46 of 3rd period - Riley Armstrong is hit by Tom Gilbert.
12:21 of 3rd period - Slapshot by Tyson Barrie.
12:21 of 3rd period - Shot Blocked by Cameron Gaunce.
12:23 of 3rd period - Slapshot by Tom Gilbert.
12:23 of 3rd period - Deflect By Kyle Clifford.
12:23 of 3rd period - Shot Misses the Net.
12:23 of 3rd period - Puck is out of play.
12:24 of 3rd period - Rick Schofield wins face-off versus Shawn Matthias in Mustangs zone.
12:42 of 3rd period - Riley Armstrong is hit by Johnny Gaudreau and loses puck.
13:45 of 3rd period - Penalty to Joe Finley is over, Joe Finley is back on ice.
15:09 of 3rd period - Andrew Shaw is hit by Alexei Marchenko and loses puck.
15:29 of 3rd period - Scott Mayfield is hit by Tyler Toffoli and loses puck.
15:55 of 3rd period - Snap shot by Ryan Keller.
15:55 of 3rd period - Shot Misses the Net.
15:57 of 3rd period - Slapshot by Cameron Gaunce.
15:57 of 3rd period - Shot Blocked by Zac Rinaldo.
16:31 of 3rd period - Cameron Gaunce is hit by Matt Tennyson and loses puck.
17:30 of 3rd period - Backhand shot by Matt Martin.
17:30 of 3rd period - Deflect By Zac Rinaldo.
17:30 of 3rd period - Stopped by Peter Mannino without a rebound.
17:31 of 3rd period - Zac Rinaldo wins face-off versus Rick Schofield in Mustangs zone.
18:50 of 3rd period - Monarchs , Christopher Gibson is pulled from the net.
19:33 of 3rd period - Wrist shot by Johnny Gaudreau.
19:33 of 3rd period - Stopped by Peter Mannino without a rebound.
19:34 of 3rd period - Craig MacTavish call a timeout for Monarchs .
19:34 of 3rd period - Riley Armstrong wins face-off versus Shawn Matthias in Mustangs zone.
19:34 of 3rd period - Riley Armstrong is hit by Johnny Gaudreau.
19:40 of 3rd period - Wrist shot by Eric Wellwood.
19:40 of 3rd period - Shot Blocked by Johnny Gaudreau.
19:52 of 3rd period - Wrist shot by Justin Williams.
19:52 of 3rd period - Deflect By Shawn Matthias.
19:52 of 3rd period - Shot Blocked by Cameron Gaunce.
19:52 of 3rd period - Puck is out of play.
19:53 of 3rd period - Shawn Matthias wins face-off versus Riley Armstrong in Mustangs zone.
Goals for this period are 3 for Monarchs vs 2 for Mustangs.
Shots for this period are 14 for Monarchs vs 9 for Mustangs.
Back to the Top